 Dungeon Crawl Stone Soup version 0.23.0 (webtiles) character file.

Game seed: 6685999702553972562

135 Ijustatesigmund the Chopper (level 5, 0/47 HPs)
             Began as a Hill Orc Fighter on Feb 9, 2019.
             Killed from afar by an orc wizard (10 damage)
             ... with a magic dart
             ... on level 2 of the Dungeon.
             The game lasted 00:02:59 (2091 turns).

Ijustatesigmund the Chopper (Hill Orc Fighter)      Turns: 2091, Time: 00:02:59

Health: 0/47       AC:  6    Str: 19    XL:     5   Next: 18%
Magic:  5/5        EV:  7    Int:  8    God:
Gold:   151        SH:  0    Dex: 11    Spells: 4/4 levels left

rFire    . . .     SeeInvis .   a - +0 war axe
rCold    . . .     Gourm    .   c - +0 shield
rNeg     + . .     Faith    .   b - +0 scale mail
rPois    .         Spirit   .   (no helmet)
rElec    .         Reflect  .   (no cloak)
rCorr    .         Harm     .   (no gloves)
MR       .....                  (no boots)
Stlth    ..........             (no amulet)
HPRegen  0.15/turn              l - ring of positive energy
MPRegen  0.09/turn              (no ring)

@: confused, slowed, very slow
A: no striking features
a: no special abilities


You were on level 2 of the Dungeon.
You were very hungry.

You visited 1 branch of the dungeon, and saw 3 of its levels.

You collected 151 gold pieces.

Inventory:

Hand Weapons
 a - a +0 war axe (weapon)
Armour
 b - a +0 scale mail (worn)
 c - a +0 shield (worn)
Jewellery
 l - a ring of positive energy (left hand)
Scrolls
 g - a scroll of random uselessness {unknown}
 j - 3 scrolls of magic mapping {unknown}
 k - 2 scrolls of identify {unknown}
Potions
 e - a potion of haste {unknown}
 i - a potion of brilliance {unknown}
Comestibles
 f - 5 rations


   Skills:
 + Level 4.9 Fighting
 * Level 5.8 Axes
 - Level 3.2 Armour
 - Level 3.2 Shields


You had 4 spell levels left.
You didn't know any spells.
Your spell library was empty.

Dungeon Overview and Level Annotations

Branches:
Dungeon (3/15)

Altars:
Cheibriados


Message History

You closely miss the orc wizard. The orc wizard casts a spell at you.
You feel yourself slow down.
You closely miss the orc wizard. You block the orc wizard's attack.
The orc wizard points at you and mumbles some strange words.
The magic dart hits you!
* * * LOW HITPOINT WARNING * * *
The orc wizard hits you but does no damage.
You barely miss the orc wizard.
The orc wizard hits you but does no damage.
The orc wizard hits you with a +2 dagger of holy wrath.
* * * LOW HITPOINT WARNING * * *
You block the orc wizard's attack.
The orc wizard hits you but does no damage.
It was a potion of ambrosia.
You are confused.
You feel invigorated. The orc wizard barely misses you.
The orc wizard points at you and mumbles some strange words.
The magic dart hits you!
You die...

#...........#.#...........#####.
####.........#.#...............##
..........)..'.#.................
####.........###...........###.##
# #............#...............#.
# #............########'#.######.
# #............# #.#........
###............### #.########.
................@# #.# ##.
.##............#o# #.# #..
...............#.# #.# #..
#...>..........#.# #.#######..
#......#########)# #.....[##..
'................# ######.....
#......########### #.....
#......#........############.....
########.........................


You could see an orc wizard.

Vanquished Creatures
  An orc priest (D:3)
  5 adders (D:2)
  An ooze (D:1)
  2 leopard geckos
  A ball python (D:1)
  2 giant cockroaches (D:2)
  9 hobgoblins
  5 jackals (D:1)
  4 kobolds
  A quokka (D:2)
  4 bats
  5 frilled lizards
  7 goblins
  6 rats
53 creatures vanquished.

Notes
Turn   | Place    | Note
-------+----------+-------------------------------------------
     0 | D:1      | Ijustatesigmund the Hill Orc Fighter began the quest for
                  | the Orb.
     0 | D:1      | Reached XP level 1. HP: 19/19 MP: 1/1
    59 | D:1      | Reached skill level 3 in Axes
   113 | D:1      | Reached XP level 2. HP: 25/27 MP: 2/2
   450 | D:1      | Reached skill level 4 in Axes
   483 | D:1      | Reached XP level 3. HP: 33/33 MP: 3/3
  1028 | D:2      | Reached XP level 4. HP: 38/41 MP: 4/4
  1095 | D:2      | Found a snail-covered altar of Cheibriados.
  1135 | D:2      | Reached skill level 5 in Axes
  1857 | D:3      | Reached XP level 5. HP: 18/47 MP: 5/5
  2091 | D:2      | Killed from afar by an orc wizard

Skill      XL: |  1  2  3  4 |
---------------+-------------+-----
Axes           | 3 4 5 |  5.8
Fighting       | 4 |  4.9
Armour         | |  3.2
Shields        | |  3.2

Action                   |  1- 3 |  4- 6 || total
-------------------------+-------+-------++-------
Melee: War axe           |    87 |    90 ||   177
  Use: Potion            |       |     2 ||     2
  Eat: Chunk             |       |     3 ||     3
Armor: Scale mail        |    50 |    31 ||    81
Dodge: Dodged            |    33 |    34 ||    67
Block: Shield            |    40 |    52 ||    92
